 Dungeon Crawl Stone Soup version 0.28-a0-479-g5baa6b73be (webtiles) character file.

Game seed: 5905969607582940936

0 spiderkeys the Skirmisher (level 1, -9/23 HPs)
             Began as a Gnoll Abyssal Knight on Sept 19, 2021.
             Was a Follower of Lugonu.
             Killed from afar by a starcursed mass (11 damage)
             ... with an accursed screaming
             ... on level 2 of the Abyss.
             The game lasted 00:00:53 (175 turns).

spiderkeys the Skirmisher (Gnoll Abyssal Knight)     Turns: 175, Time: 00:00:53

Health: -9/23      AC:  3    Str: 11    XL:     1   Next: 0%
Magic:  3/3        EV: 11    Int: 11    God:    Lugonu [*.....]
Gold:   93         SH:  0    Dex: 11    Spells: 0/0 levels left

rFire   . . .      SeeInvis .   a - +1 spear
rCold   . . .      Faith    .   (no shield)
rNeg    . . .      Spirit   .   b - +0 leather armour
rPois   .          Reflect  .   (no helmet)
rElec   .          Harm     .   (no cloak)
rCorr   .          Rampage  .   (no gloves)
Will    .....                   (no boots)
Stlth   +.........              (no amulet)
HPRegen 0.07/turn               (no ring)
MPRegen 0.08/turn               (no ring)

@: no status effects
A: fangs 1, strong nose, distributed training
a: Renounce Religion, Depart the Abyss


You were on level 2 of the Abyss.
You worshipped Lugonu.
Lugonu was aware of your devotion.
You visited 0 branches of the dungeon, and saw 0 of its levels.
You visited the Abyss 1 time.

You collected 93 gold pieces.


Innate Abilities, Weirdness & Mutations

You have very sharp teeth.
Your uncanny sense of smell can sniff out nearby items.
Your experience applies equally to all skills.


   Skills:
 + Level 6.4 Fighting
 + Level 0.0 Short Blades
 + Level 0.0 Long Blades
 + Level 0.0 Axes
 + Level 0.0 Maces & Flails
 + Level 4.4 Polearms
 + Level 0.0 Staves
 + Level 0.0 Slings
 + Level 0.0 Bows
 + Level 0.0 Crossbows
 + Level 0.0 Throwing
 + Level 4.4 Armour
 + Level 2.3 Dodging
 + Level 0.0 Stealth
 + Level 0.0 Shields
 + Level 0.0 Unarmed Combat
 + Level 0.0 Spellcasting
 + Level 0.0 Conjurations
 + Level 0.0 Hexes
 + Level 0.0 Summonings
 + Level 0.0 Necromancy
 + Level 0.0 Translocations
 + Level 0.0 Transmutations
 + Level 0.0 Fire Magic
 + Level 0.0 Ice Magic
 + Level 0.0 Air Magic
 + Level 0.0 Earth Magic
 + Level 0.0 Poison Magic
 + Level 4.4 Invocations
 + Level 0.0 Evocations


You couldn't memorise any spells.
You didn't know any spells.
Your spell library was empty.

Inventory:

Hand Weapons
 a - a +1 spear (weapon)
Armour
 b - a +0 leather armour (worn)

Dungeon Overview and Level Annotations

Branches:
Dungeon (0/15)

Altars:

#..# . .# ∆ ## .#.#
..#... #..#. #...####
#.....### .. #.#@....#
..## #..#..#... .....
####X#....# ..#..
##..#.#...## ...
#...###.D.DX.# ## #...
##...#.#..#XX.# # ...
#......X#......#
.......###...###..##.#
.. ...####...## ..#
#..


You could see 3 starcursed masses and a large abomination.


Message History

🤖 Initializing magus.rc ...
Options error: Delay interrupt name "hungry" not recognised. (~/.crawlrc:4988) ✅ Successfully initialized magus.rc [v1.9.10] Welcome, spiderkeys the Gnoll Abyssal Knight.
Will you prevail where others failed? Will you find the Orb of Zot?
Lugonu says: Depart the Abyss and spread corruption, my servant! (use the ability menu to exit the Abyss) Press ? for a list of commands and other information.
Found a corrupted altar of Lugonu.
Found a gateway leading deeper into the Abyss.
There is a gateway leading deeper into the Abyss here.
There is a gateway leading deeper into the Abyss here.
You plunge deeper into the Abyss.
You now have 32 gold pieces.
You now have 51 gold pieces (gained 19).
You now have 70 gold pieces (gained 19).
You now have 93 gold pieces (gained 23).
The raiju barks!
You see here a brown potion.
It was a potion of might.
You feel very mighty all of a sudden.
A tentacled starspawn comes into view.
A bone dragon comes into view.
A starcursed mass comes into view.
A starcursed mass splits.
A tentacle flies out from the starspawn's body!
A chorus of shrieks assaults your mind.
A starcursed mass splits.
A starspawn tentacle comes into view. 😮 HP[-8]
You take 8 damage, and now have 15/23 hp.
MASSIVE DAMAGE!! (PAUSE)
A starcursed mass splits. 😮 HP[+1]
A chorus of shrieks assaults your mind.
* * * LOW HITPOINT WARNING * * *
😨 HP[-8]
You take 8 damage, and now have 8/23 hp.
MASSIVE DAMAGE!! (PAUSE) 😨 HP[+1]
A quasit comes into view.
A large abomination comes into view. 😨 HP[+1]
A spatial vortex comes into view. 😨 HP[+1]
You feel yourself growing ill in the presence of the ancient zyme.
You feel a little less mighty now.
You feel yourself growing ill in the presence of the ancient zyme.
A large abomination comes into view.
A starcursed mass comes into view.
A starcursed mass splits.
A starcursed mass splits.
A chorus of shrieks assaults your mind.
* * * LOW HITPOINT WARNING * * *
😱 HP[-8]
You take 8 damage, and now have 3/23 hp.
MASSIVE DAMAGE!! (PAUSE)
The large abomination hits you.
* * * LOW HITPOINT WARNING * * *
😱 HP[-1]
You take 1 damage, and now have 2/23 hp.
A starcursed mass splits.
Unknown command.
A starcursed mass splits.
A chorus of shrieks assaults your mind.
You die...

Action                   || total
-------------------------++-------
  Use: Potion            ||     1

Levels and vault maps discovered:
Abyss:2:  base: Temple, hangedman_classic_abyss_death, minivault_19,
          minivault_19

Notes
Turn   | Place    | Note
-------+----------+-------------------------------------------
     0 | Abyss:1  | spiderkeys the Gnoll Abyssal Knight began the quest for the
                  | Orb.
     0 | Abyss:1  | Reached XP level 1. HP: 23/23 MP: 3/3
     0 | Abyss:1  | magus.rc [v1.9.10]
   107 | Abyss:2  | Noticed a wight
   107 | Abyss:2  | Noticed a raiju
   108 | Abyss:2  | Noticed a tentacled starspawn
   109 | Abyss:2  | Noticed a bone dragon
   110 | Abyss:2  | Noticed a starcursed mass
   129 | Abyss:2  | Noticed a quasit
   142 | Abyss:2  | Noticed a large abomination
   149 | Abyss:2  | Noticed a spatial vortex
   161 | Abyss:2  | Noticed an ancient zyme
   166 | Abyss:2  | Noticed a large abomination
   169 | Abyss:2  | Noticed a large abomination
   169 | Abyss:2  | Noticed a starcursed mass
   171 | Abyss:2  | HP: 3/23 [starcursed mass/accursed screaming (9)]
   175 | Abyss:2  | Killed from afar by a starcursed mass

Vanquished Creatures (others)
  2 starspawn tentacles (Abyss:2)
2 creatures vanquished.

Table legend:
 A = Non-vault XP
 B = Vault XP
 C = Vault XP percentage of total XP
 D = Non-vault monster count
 E = Vault monster count
 F = Vault count percentage of total count
                 A         B        C        D         E       F
            +---------+---------+-------+---------+---------+-------
      Total |       0 |       0 |   N/A |       0 |       0 |  -nan
            +---------+---------+-------+---------+---------+-------
            +---------+---------+-------+---------+---------+-------

Illustrated notes

Table legend: (Time is in decaauts)
 A = Elapsed time spent in this place.
 B = Non-inter-level travel time spent in this place.
 C = Inter-level travel time spent in this place.
 D = Time resting spent in this place.
 E = Time spent auto-exploring this place.
 F = Levels seen in this place.
 G = Mean time per level.
                   A        B        C        D        E       F      G
               +--------+--------+--------+--------+--------+-----+--------+
         Total |    174 |    174 |      0 |      0 |     31 |   2 |   87.0 |
         Abyss |    174 |    174 |      0 |      0 |     31 |   2 |   87.0 |
               +--------+--------+--------+--------+--------+-----+--------+

Top non-repeatable levels by time:
 Abyss:2: 110 daAuts
 Abyss:1: 64 daAuts
